[Event "*** Titled Tuesday 3|2 Blitz (Early)"]
[Site "Chess.com"]
[Date "2016.11.01"]
[Round "8"]
[White "PowerThinking2650"]
[Black "Kawhi_Leonard2"]
[Result "0-1"]
[WhiteElo "2175"]
[BlackElo "2076"]
[TimeControl "180+2"]
[EndTime "12:46:55 PDT"]
[Termination "Kawhi_Leonard2 won by checkmate"]

1. e4 c5 2. Nf3 d6 3. d4 cxd4 4. Nxd4 Nf6 5. Nc3 g6 6. Bc4 Bg7 7. Be3 O-O 8. f3 Nc6 9. Qd2 Bd7 10. h4 Ne5 11. Bb3 h5 12. O-O-O Rc8 13. Bg5 Rc5 14. Kb1 b5 15. g4 hxg4 16. h5 Nxh5 17. Rxh5 gxh5 18.
Qh2 gxf3 19. Nd5 Re8 20. Qxh5 Rxd5 21. Bxd5 Qb6 22. Be3 Qd8 23. Rh1 e6 24. Bg5 Qb6 25.
Be3 exd5 26. Qh7+ Kf8 27. Ne6+ Bxe6 28. Bxb6 axb6 29. exd5 Bxd5 30. Rg1 Bf6 31. Qf5 Ke7 32. Rd1 Be6 33. Qe4 Rd8 34. a3 d5 35. Qe3 Rd6 36. Rf1 d4 37. Qe4 d3 38. cxd3 Rxd3 39.
Qb7+ Rd7 40. Qxb6 Bc4 41. Qc5+ Ke6 42. Rf2 Be2 43. Qe3 Rd1+ 44. Ka2 Rd3 45. Qb6+ Rd6 46. Qe3 Rd3 47. Qe4 Rd6 48. Rxe2 fxe2 49. Qxe2 b4 50.
a4 Rd3 51. Qe4 b3+ 52. Ka3 Be7+ 53. Qb4 Nc4# 0-1

[Event "*** Titled Tuesday 3|2 Blitz (Early)"]
[Site "Chess.com"]
[Date "2016.11.01"]
[Round "8"]
[White "FairChess_on_YouTube"]
[Black "E-Shaposhnikov"]
[Result "1-0"]
[WhiteElo "2752"]
[BlackElo "2707"]
[TimeControl "180+2"]
[EndTime "12:47:17 PDT"]
[Termination "FairChess_on_YouTube won by resignation"]

1. d4 Nf6 2. Bg5 Ne4 3. Bf4 d5 4. e3 Bf5 5. Bd3 e6 6. Ne2 Bg6 7. h4 Nf6 8. c4 Bb4+ 9. Nbc3 O-O 10. Bxg6 fxg6 11. Bg5 dxc4 12. Qa4 Nc6 13. a3 Bxc3+ 14. Nxc3 Qd7 15. Bxf6 gxf6 16. h5 g5 17. Qxc4 Ne7 18.
O-O-O Nd5 19. Kb1 Nxc3+ 20. Qxc3 h6 21. e4 c6 22. Qb3 Qf7 23. f3 Rfd8 24. Rd3 Rd7 25. Rhd1 Rad8 26. Ka2 a6 27. g4 Kg7 28. Ka1 Kg8 29. Qc3 Kg7 30. Rf1 Rd6 31. Rfd1 R6d7 32.
R3d2 Rd6 33. Qb4 R6d7 34. Qc5 Qf8 35. Qc3 Qf7 36. Kb1 Rd6 37. Ka1 R6d7 38. Qe3 Qe7 39. f4 e5 40. fxe5 fxe5 41. d5 Rf8 42. dxc6 Rxd2 43.
Qxd2 bxc6 44. Qc3 Qe6 45. Qc5 Rf7 46. Kb1 Rf6 47. Qa7+ Rf7 48. Qb8 Qxg4 49. Qxe5+ Kh7 50. Rc1 Qxh5 51. Rxc6 Qf3 52. Qe6 Qh5 53. Rxa6 g4 54.
Ka2 g3 55. Qe8 g2 56. Ra8 g1=Q 57. Qh8+ Kg6 58. Rg8+ 1-0

[Event "*** Titled Tuesday 3|2 Blitz (Early)"]
[Site "Chess.com"]
[Date "2016.11.01"]
[Round "8"]
[White "KingFlorida"]
[Black "ulises2013"]
[Result "0-1"]
[WhiteElo "2311"]
[BlackElo "2275"]
[TimeControl "180+2"]
[EndTime "12:47:19 PDT"]
[Termination "ulises2013 won on time"]

1. Nf3 Nf6 2. d4 d5 3. g3 Bf5 4. Bg2 e6 5. O-O Nbd7 6. c4 c6 7. Nc3 Be7 8. Nh4 Bg6 9. Nxg6 hxg6 10. b3 Ng4 11. h3 Ngf6 12. Bb2 g5 13. Qd3 g4 14. h4 Nh5 15. e4 Bxh4 16. gxh4 Qxh4 17. Rfe1 O-O-O 18. Bc1 dxe4 19. Qxe4 Ndf6 20. Qe5 g3 21. f3 Rxd4 22. Bg5 Qh2+ 23. Kf1 Rhd8 24. Rad1 Rd3 25. Rxd3 Rxd3 26. Nd1 Nd7 27. Qe2 Rd6 28. Ne3 f6 29. Ng4 fxg5 30. Nxh2 gxh2 31. Kf2 Nf4 32. Qb2 Nd3+ 33.
Kg3 Nxb2 34. Rh1 Nd3 35. Rxh2 Nf6 36. Rh8+ Rd8 37. Rh1 Nf4 38. Re1 Rd2 39. Bf1 N6h5+ 40. Kg4 Rxa2 41. Kxg5 Kc7 42. Bh3 Ra5+ 43. Kh4 Nxh3 44.
Kxh3 Nf6 45. Rg1 Rh5+ 0-1

[Event "*** Titled Tuesday 3|2 Blitz (Early)"]
[Site "Chess.com"]
[Date "2016.11.01"]
[Round "8"]
[White "Usurpov"]
[Black "TomsKantans"]
[Result "1-0"]
[WhiteElo "2291"]
[BlackElo "2445"]
[TimeControl "180+2"]
[EndTime "12:47:26 PDT"]
[Termination "Usurpov won by resignation"]

1. e4 c5 2. Nf3 Nf6 3. e5 Nd5 4.
Nc3 e6 5. Nxd5 exd5 6. d4 Nc6 7. c3 d6 8. Bb5 Be7 9. exd6 Bxd6 10.
O-O O-O 11. dxc5 Bxc5 12. h3 Qd6 13. Re1 Bxh3 14. gxh3 Qg3+ 15. Kh1 Bxf2 16. Rf1 Rfe8 17. Bf4 Qxh3+ 18. Nh2 Bg3 19. Bxg3 Qxg3 20. Qxd5 Re6 21. Bxc6 bxc6 22. Qf3 Qg6 23. Rae1 Rae8 24. Rxe6 Rxe6 25.
Qg2 Qd3 26. Qf3 Qd7 27. Rd1 Qe7 28. Qg3 h5 29. Nf3 Re3 30. Qg5 Qxg5 31. Nxg5 g6 32. Rd7 Kg7 33. Nxf7 Kf6 34. Nd6 g5 35. Nc4 Re4 36.
Rd4 Re1+ 37. Kg2 Kf5 38. Rd2 h4 39. Na5 Re6 40. Rf2+ Kg4 41. Nc4 Re4 42. Nd2 Re1 43.
Nf3 Re6 44. Rd2 Kf4 45. Rd4+ Ke3 46. Nxg5 Rg6 47. Rg4 Kd3 48. Kh3 Kc2 49. Rg2+ Kb1 50.
Kxh4 Kxa2 51. Kh5 Rg8 52. Kg4 Kb3 53. Kf4 a5 54. Ke5 a4 55. Kd4 Rg6 56. Kc5 a3 57. bxa3 Kxa3 58. c4 Kb3 59. Rg3+ Ka4 60. Ne4 1-0

[Event "*** Titled Tuesday 3|2 Blitz (Early)"]
[Site "Chess.com"]
[Date "2016.11.01"]
[Round "8"]
[White "Frolyanov_D"]
[Black "Gabrielian_Artur"]
[Result "0-1"]
[WhiteElo "2455"]
[BlackElo "2573"]
[TimeControl "180+2"]
[EndTime "12:47:28 PDT"]
[Termination "Gabrielian_Artur won by resignation"]

1. e4 c5 2. Nf3 d6 3. d4 cxd4 4. Nxd4 Nf6 5. Nc3 a6 6. Be3 e6 7. a4 Be7 8. Be2 b6 9. f4 Bb7 10. Bf3 Qc7 11. O-O Nbd7 12. Qe2 h5 13. Kh1 Rc8 14. Bg1 g6 15. Rae1 e5 16. Nd5 Bxd5 17.
exd5 Qc4 18. Nc6 Qxe2 19. Bxe2 Nxd5 20. Nxe7 Kxe7 21. fxe5 Nxe5 22. c3 a5 23. Bf3 Nc7 24. Bxb6 Ne6 25. Bxa5 Nc4 26. Bb4 Nxb2 27. a5 Nd3 28.
Ra1 Rc7 29. a6 Ra7 30. Ra5 Rb8 31. Bb7 Ndc5 32. Bxc5 Nxc5 33. Bd5 f5 34. Rfa1 Rxa6 35. Rxa6 Nxa6 36. g4 Nc5 37. g5 Rd8 38. h4 Nd7 39. Ra7 Kf8 40. c4 Ne5 41. Kg2 Rb8 42. Rh7 Rb2+ 43. Kg3 Rb3+ 44. Kg2 f4 45. Rh8+ Ke7 46. Rh7+ Kd8 47. Rh8+ Kc7 48. Rf8 Rg3+ 49. Kf1 Rg4 50.
Re8 Rxh4 51. c5 Ng4 52. Re7+ Kd8 53. cxd6 Ne3+ 54. Rxe3 fxe3 55. Ke2 Rd4 56. Bf7 Rxd6 57. Kxe3 Ke7 58. Bb3 Rb6 59. Bc2 Kf7 0-1

[Event "*** Titled Tuesday 3|2 Blitz (Early)"]
[Site "Chess.com"]
[Date "2016.11.01"]
[Round "8"]
[White "jk13"]
[Black "VMikhalevski"]
[Result "1-0"]
[WhiteElo "2490"]
[BlackElo "2501"]
[TimeControl "180+2"]
[EndTime "12:47:44 PDT"]
[Termination "jk13 won by resignation"]

1. e4 e5 2. Nf3 Nc6 3. Bc4 Bc5 4. c3 Nf6 5. d3 d6 6. Bb3 Bb6 7. h3 Ne7 8. Nbd2 c6 9. Nf1 Ng6 10. Ng3 O-O 11. O-O h6 12. Re1 d5 13. exd5 Nxd5 14.
d4 exd4 15. Nxd4 Qf6 16. Bxd5 cxd5 17. Be3 Bd7 18. Nc2 Bc7 19. Qxd5 Bc6 20. Qh5 Nh4 21. Bd4 Qg5 22. Qxg5 hxg5 23. Ne4 Nxg2 24. Kxg2 f5 25. Nb4 Bxe4+ 26. f3 Bc6 27. Nxc6 bxc6 28. Re6 Rab8 29. b3 Bb6 30. Rxc6 Rfe8 31. Bxb6 axb6 32. Rf1 f4 33. h4 gxh4 34. Kh3 Re2 35. a4 Kf7 36.
Rd1 Rf2 37. Rd7+ Kf8 38. Rcc7 Rxf3+ 39. Kxh4 Rg3 40. Rf7+ Kg8 41. Rxf4 Rg1 42. Rg4 Rh1+ 43. Kg3 Kh8 44. Kg2 Rh7 45. Rg6 Rd8 46. Rxb6 Rd2+ 47. Kg3 Rh1 48. Rb4 Rg1+ 49. Kf3 Rd6 50. Rc8+ Kh7 51.
Rh4+ Kg6 52. Rg4+ Rxg4 53. Kxg4 Rd1 54. a5 Kf6 55. b4 Ke5 56. a6 Ra1 57. b5 Ke4 58. c4 Rg1+ 59. Kh3 Kf3 60. Kh2 Rg2+ 61.
Kh1 Ra2 62. Rg8 Ra4 63. Rxg7 Rxc4 64. b6 Rh4+ 65. Kg1 Rb4 66. a7 Rb1+ 67. Kh2 Rb2+ 68. Kh3 Ra2 69. Rf7+ Ke3 70. Rf8 Ra3 71. a8=Q 1-0

[Event "*** Titled Tuesday 3|2 Blitz (Early)"]
[Site "Chess.com"]
[Date "2016.11.01"]
[Round "8"]
[White "Peroncio"]
[Black "Jungle_Jaguar"]
[Result "1-0"]
[WhiteElo "2505"]
[BlackElo "2324"]
[TimeControl "180+2"]
[EndTime "12:47:49 PDT"]
[Termination "Peroncio won by checkmate"]

1. e4 e5 2. Nc3 Nc6 3. Bc4 Nf6 4. d3 Bb4 5. Ne2 d6 6. O-O O-O 7. h3 Be6 8. Bb3 Nd4 9. Nxd4 exd4 10. Ne2 c5 11. f4 Re8 12. f5 Bxb3 13. axb3 d5 14. c3 dxc3 15. bxc3 Ba5 16. exd5 Nxd5 17. Qc2 Nxc3 18.
Nxc3 Qd4+ 19. Kh1 Bxc3 20. Ra4 Bb4 21. f6 g6 22. Bb2 Qe3 23. Raa1 Qe2 24. Qc1 Qd2 25.
Qxd2 Bxd2 26. Rf2 Bg5 27. d4 cxd4 28. Bxd4 a6 29. Rc2 Rad8 30. Bb2 Rd6 31. Rf1 h5 32. Rc7 b5 33. Ra7 Be3 34. Rc7 Rd2 35. Bc3 Rd3 36.
Re7 Rc8 37. Ba5 Bg5 38. Re5 Bh4 39. Re4 Bg5 40. Re5 Bh4 41. Re4 Bg3 42. b4 Bd6 43.
Rfe1 Kh7 44. Rf1 Bg3 45. Re7 Kg8 46. Ra7 Rdc3 47. Rxa6 Rc1 48. Kg1 Bh2+ 49. Kxh2 Rxf1 50. Rb6 Rf5 51. Rb7 Rxf6 52. Rxb5 Rc2 53. Rg5 Rf5 54.
Rg3 Rb2 55. Rd3 Rff2 56. Rg3 Kg7 57. Bb6 Rf4 58. Bc7 Re4 59. Bd6 h4 60. Rg5 Kh6 61. Rd5 Ree2 62. Rd4 Rxg2+ 63. Kh1 Kh5 64. Be7 Rge2 65.
Rxh4# 1-0

[Event "*** Titled Tuesday 3|2 Blitz (Early)"]
[Site "Chess.com"]
[Date "2016.11.01"]
[Round "8"]
[White "avto24"]
[Black "Alexander_Moskalenko"]
[Result "1-0"]
[WhiteElo "2345"]
[BlackElo "2655"]
[TimeControl "180+2"]
[EndTime "12:48:08 PDT"]
[Termination "avto24 won by resignation"]

1. e4 c5 2. c3 Nf6 3. e5 Nd5 4. d4 cxd4 5. Nf3 e6 6. cxd4 d6 7. Bc4 Nc6 8. O-O Be7 9. Re1 O-O 10. a3 Bd7 11. Bxd5 exd5 12. Nc3 dxe5 13. Nxd5 Be6 14.
Nxe7+ Qxe7 15. dxe5 Rfd8 16. Qc2 Rac8 17. Bg5 Nd4 18.
Nxd4 Qxg5 19. Nxe6 fxe6 20. Qb3 Qe7 21. h3 Rd5 22. f4 Rc6 23. Rad1 Rb6 24. Qc3 Rc6 25. Qe3 Rcc5 26. b4 Rxd1 27. Rxd1 Rc4 28. g3 h5 29. Rd6 h4 30. g4 Qf8 31. Rd4 Qc8 32.
Rxc4 Qxc4 33. f5 Kf7 34. fxe6+ Kxe6 35. Qxa7 Qc1+ 36. Kf2 Qd2+ 37. Kf3 Qd3+ 38. Kf4 Qd2+ 39. Qe3 Qh2+ 40. Kg5 Qg3 41. Qd4 Qxh3 42. Kg6 Ke7 43. Qd6+ Ke8 44. g5 Qd7 45. Qxd7+ Kxd7 46. Kf7 h3 47. e6+ Kd6 48. e7 h2 49. e8=Q h1=Q 50. Qe7+ Kc6 51. Kxg7 Kb5 52. Qc5+ Ka4 53. b5 Ka5 54.
Qb4+ Kb6 55. a4 Qa1+ 56. Kh7 Qh1+ 57. Kg8 Qd5+ 58. Kf8 Qf5+ 59. Ke8 Qg6+ 60. Kd7 Qf5+ 61. Ke8 Qg6+ 62. Kf8 Qf5+ 63. Ke8 Qg6+ 64. Ke7 Qxg5+ 65. Kd7 Qd5+ 66. Qd6+ Qxd6+ 67. Kxd6 Ka5 68. Kc7 b6 69. Kc6 Kxa4 70. Kxb6 Kb4 71. Kc6 Ka5 72. b6 Ka6 73. Kc7 1-0

[Event "*** Titled Tuesday 3|2 Blitz (Early)"]
[Site "Chess.com"]
[Date "2016.11.01"]
[Round "8"]
[White "micfel"]
[Black "MFBerna"]
[Result "1-0"]
[WhiteElo "2273"]
[BlackElo "2180"]
[TimeControl "180+2"]
[EndTime "12:48:16 PDT"]
[Termination "micfel won on time"]

1. e4 e5 2. Nf3 Nc6 3. Bb5 a6 4. Ba4 Nf6 5. O-O Be7 6. Re1 b5 7. Bb3 O-O 8. c3 d6 9. d3 Na5 10. Bc2 c5 11. Nbd2 Nc6 12. Nf1 Re8 13. Ng3 h6 14. h3 Bf8 15. Nh4 g6 16. Nf3 Bg7 17. Be3 Qc7 18. Qd2 Kh7 19. Rac1 Bb7 20. d4 cxd4 21. cxd4 exd4 22. Nxd4 Ne5 23. b3 Qd7 24. Bb1 d5 25. f4 Nc6 26. e5 Ne4 27. Nxe4 dxe4 28.
Nxc6 Bxc6 29. Qxd7 Bxd7 30. Bxe4 Rac8 31. Kf2 Bf8 32. Bb7 Rxc1 33. Rxc1 b4 34. Rc7 Be6 35. Bxa6 Ra8 36. Ra7 Rd8 37. Be2 Kg8 38. g4 Rc8 39.
Bd3 Rc3 40. Ke2 Bc5 41. Bxc5 Rxc5 42. Ke3 g5 43. Bf5 Rc3+ 44. Ke4 gxf4 45. Bxe6 fxe6 46.
Kxf4 Rxh3 47. Re7 Rh2 48. Rxe6 Rf2+ 49. Ke4 Rxa2 50. Rb6 Rg2 51. Kf5 Rf2+ 52. Kg6 Kf8 53. Rxb4 Ke7 54. Rb6 Rf4 55. Kh5 Re4 56. Rb5 Ke6 57.
b4 Rc4 58. Rb8 Kxe5 59. b5 Kd6 60. Rd8+ Ke7 61. Rd5 Ke6 62. Rf5 Rb4 63. Rc5 Kd6 64. Rc6+ Kd7 65. Rxh6 Rxb5+ 66. g5 Ke7 67. Rf6 Ra5 68.
Rf2 Ra8 69. Kh6 Rh8+ 70. Kg7 Rh1 71. g6 Rh3 72. Re2+ Kd7 73. Re4 Rh1 74. Kf6 Rf1+ 75. Kg5 Rg1+ 76. Kf6 Rf1+ 77. Kg7 Rh1 78. Kg8 1-0

[Event "*** Titled Tuesday 3|2 Blitz (Early)"]
[Site "Chess.com"]
[Date "2016.11.01"]
[Round "8"]
[White "Grebeniuk-S"]
[Black "AkshatChandra"]
[Result "0-1"]
[WhiteElo "2426"]
[BlackElo "2601"]
[TimeControl "180+2"]
[EndTime "12:48:33 PDT"]
[Termination "AkshatChandra won by resignation"]

1. d4 Nf6 2. Nf3 e6 3. e3 c5 4. Bd3 Nc6 5. O-O d5 6. c3 Bd6 7. Nbd2 O-O 8. dxc5 Bxc5 9. e4 h6 10. b4 Bb6 11. a3 Qc7 12. c4 dxe4 13. Nxe4 Nxe4 14.
Bxe4 Rd8 15. Qe2 Nd4 16. Nxd4 Bxd4 17. Ra2 e5 18. Bd5 Bf5 19. Be3 Bxe3 20. Qxe3 Rac8 21. Rd2 b6 22. Rfd1 Be6 23. Bxe6 Rxd2 24. Bxf7+ Qxf7 25. Qxd2 Rxc4 26. Qd8+ Kh7 27. Qd3+ e4 28. Qe3 Qh5 29. Rd4 Rxd4 30. Qxd4 Qe2 31. h4 Qg4 32. g3 Qf3 33. a4 Kg6 34. a5 bxa5 35. bxa5 a6 36. Qb6+ Qf6 37. Kf1 Kf5 38. Ke2 h5 39. Qc5+ Qe5 40. Qc8+ Qe6 41. Qc5+ Qe5 42. Qf8+ Kg6 43. Qb4 Kf5 44.
Ke3 g6 45. Qf8+ Kg4 46. Qc8+ Qf5 47. Qxa6 Qf3+ 48. Kd4 Qxf2+ 49. Kxe4 Qf3+ 50. Kd4 Qf2+ 51. Ke4 Qf3+ 52. Kd4 Qf2+ 53. Kd5 Qf3+ 54. Kc5 Qe3+ 55. Kb5 Qd3+ 56. Kb6 Qd6+ 57. Ka7 Qc7+ 58. Ka8 Kxg3 59.
Qd3+ Kxh4 60. Qd4+ Kg3 61. a6 Qc8+ 62. Ka7 Qc7+ 63.
Ka8 Qc8+ 64. Ka7 h4 65. Qe5+ Kg4 66. Kb6 Qd8+ 67. Qc7 Qd4+ 68. Qc5 Qb2+ 69. Qb5 Qf2+ 70. Qc5 Qb2+ 71. Qb5 Qf6+ 72. Qc6 Qd8+ 73. Qc7 Qd4+ 74. Qc5 Qb2+ 75. Qb5 Qg2 76. a7 h3 77. Qc6 Qxc6+ 78. Kxc6 h2 0-1

[Event "*** Titled Tuesday 3|2 Blitz (Early)"]
[Site "Chess.com"]
[Date "2016.11.01"]
[Round "8"]
[White "GianmarcoVaR"]
[Black "Matibar"]
[Result "1/2-1/2"]
[WhiteElo "2430"]
[BlackElo "2591"]
[TimeControl "180+2"]
[EndTime "12:49:13 PDT"]
[Termination "Game drawn - insufficient material"]

1. d4 f5 2. g3 Nf6 3. Bg2 g6 4. c4 Bg7 5. Nc3 O-O 6. h4 Nc6 7. Nh3 e5 8. dxe5 Nxe5 9. O-O c6 10. b3 d6 11. Ba3 Nf7 12. Qc2 Nh5 13. e3 Qa5 14.
Bb2 Be6 15. Ne2 Bxb2 16. Qxb2 Qe5 17. Rab1 Qxb2 18. Rxb2 Kg7 19. Rd1 Kf6 20. Bf3 Ng7 21. Nhf4 a5 22. Rc2 h6 23. Bg2 Rfd8 24. Rcd2 g5 25.
Nxe6 Nxe6 26. hxg5+ hxg5 27. Nc3 Rh8 28. Ne2 Rh6 29. Nd4 Nc5 30. Ne2 Rah8 31. g4 fxg4 32. Ng3 Re8 33. Rd4 Rh4 34. Bf1 Ne6 35. Ne4+ Ke7 36. R4d2 Ne5 37. Be2 Reh8 38. Ng3 Nf7 39. Nf5+ Kf6 40. Nxh4 gxh4 41. Bxg4 Neg5 42. f3 Ke7 43.
Kf2 Rh6 44. Rh1 Ne5 45. Rd4 c5 46. Rd5 Rf6 47. Rxh4 Ngxf3 48. Bxf3 Rxf3+ 49. Ke2 Rf7 50. Rh6 Ng4 51. Rhxd6 Rf2+ 52. Kd3 Rxa2 53. Rd7+ Ke6 54. R7d6+ Ke7 55. Rd7+ Ke6 56. R7d6+ Ke7 57. e4 Nf6 58. Rb6 Nxd5 59. exd5 a4 60. Rxb7+ Kd6 61. bxa4 Ra3+ 62. Ke4 Rxa4 63. Rb6+ Kd7 64. Ke5 Rxc4 65. Rb7+ Kc8 66. Rh7 Rg4 67. Kd6 Rg6+ 68. Kxc5 Kd8 69. Ra7 Kc8 70.
Re7 Kd8 71. Rb7 Kc8 72. Ra7 Kd8 73. Rf7 Kc8 74. Re7 Kd8 75. Ra7 Kc8 76. Ra4 Kd7 77.
Rh4 Kc7 78. Rh7+ Kd8 79. Kd4 Ra6 80. Ke5 Ke8 81. Rg7 Kd8 82. Rf7 Ke8 83. Rc7 Kd8 84. Rb7 Kc8 85. Rb3 Kd7 86. Rg3 Ke7 87. d6+ Rxd6 88. Rg7+ Kf8 89. Rf7+ Kxf7 90. Kxd6 1/2-1/2

[Event "*** Titled Tuesday 3|2 Blitz (Early)"]
[Site "Chess.com"]
[Date "2016.11.01"]
[Round "8"]
[White "Holden-Caulfield"]
[Black "Divertissement"]
[Result "1-0"]
[WhiteElo "2474"]
[BlackElo "2337"]
[TimeControl "180+2"]
[EndTime "12:49:19 PDT"]
[Termination "Holden-Caulfield won by checkmate"]

1. d4 Nf6 2. Nf3 d5 3. Bf4 c5 4.
e3 Nc6 5. c3 Qb6 6. Qb3 c4 7.
Qc2 Bf5 8. Qc1 e6 9. Nbd2 Be7 10. Be2 O-O 11. h3 Rac8 12. O-O Qd8 13. Nh4 Be4 14. Nhf3 Bf5 15. Bd1 Bd3 16. Re1 b5 17. a3 a5 18.
Bc2 Bxc2 19. Qxc2 Bd6 20. Bxd6 Qxd6 21. e4 Nd7 22. e5 Qe7 23. h4 Rb8 24. Ng5 g6 25.
Nf1 b4 26. axb4 axb4 27. Ra6 Rb6 28. Rea1 Rfb8 29. Rxb6 Nxb6 30. Ne3 Kg7 31. Qd1 Ra8 32. Rxa8 Nxa8 33. Qa4 Qb7 34. Ng4 bxc3 35. bxc3 h6 36. Nf3 Nb6 37. Qb5 Qc7 38. Nf6 Kh8 39. Ne8 Qb7 40. Nd6 Qc7 41. Nxf7+ Qxf7 42. Qxc6 Nd7 43. Nh2 Nf8 44. g3 Qf5 45. Qe8 Kg8 46. Qe7 Qe4 47. Qa3 Qe1+ 48. Nf1 Qe4 49. Qc1 Kg7 50. Ne3 Nh7 51.
Ng2 g5 52. Qa1 gxh4 53. Nxh4 Ng5 54. Qf1 Qc2 55. Qe1 Ne4 56. Ng2 Qxc3 57. Qd1 Ng5 58. Nf4 Qb3 59. Qh5 Qb1+ 60. Kh2 Qf5 61. Qd1 Ne4 62.
f3 Ng5 63. Kg2 c3 64. Nd3 Qh3+ 65. Kf2 Qh2+ 66. Ke3 c2 67. Qc1 Qg2 68. Ne1 Qg1+ 69. Ke2 Qxd4 70. Qxc2 Qxe5+ 71. Kf2 Qd4+ 72. Ke2 Nf7 73. Nd3 Qf6 74. Nf4 Qe5+ 75. Kf2 Qd4+ 76. Kg2 Ng5 77. Qg6+ Kf8 78. Qxh6+ Qg7 79. Qxg5 Qb2+ 80.
Kh3 Qh8+ 81. Nh5 Qa1 82. Qf6+ Qxf6 83. Nxf6 Kf7 84. Ng4 Kg6 85. Kg2 Kf5 86. Kf2 e5 87. Ne3+ Ke6 88. g4 e4 89. fxe4 dxe4 90. Kg3 Ke5 91.
g5 Ke6 92. Kf4 Kf7 93. Kxe4 Kg7 94. Kf4 Kg6 95. Ng4 Kg7 96. Kf5 Kf7 97. g6+ Kg7 98.
Ne5 Kg8 99. Kf6 Kh8 100. Nf7+ Kg8 101. Nh6+ Kh8 102. g7+ Kh7 103. g8=Q+ Kxh6 104. Qh8# 1-0

[Event "*** Titled Tuesday 3|2 Blitz (Early)"]
[Site "Chess.com"]
[Date "2016.11.01"]
[Round "8"]
[White "PaulfromSPb"]
[Black "Drags95"]
[Result "1/2-1/2"]
[WhiteElo "2456"]
[BlackElo "2449"]
[TimeControl "180+2"]
[EndTime "12:51:21 PDT"]
[Termination "Game drawn - insufficient material"]

1. e4 c5 2. Ne2 Nf6 3. Nbc3 d6 4. d4 cxd4 5. Nxd4 a6 6. g3 e5 7. Nb3 Be7 8. Bg2 O-O 9. O-O Be6 10.
Bg5 Nbd7 11. Qd3 Rc8 12. Bxf6 Nxf6 13. Nd5 Nxd5 14. exd5 Bd7 15. c4 f5 16. Rac1 b6 17. f4 Bf6 18. fxe5 Bxe5 19. Nd4 Qf6 20. Ne6 Bxe6 21. dxe6 Bxb2 22. Rcd1 Be5 23. Bd5 Kh8 24. Kh1 g6 25. Rb1 Bd4 26. Rbe1 Rfe8 27. Re2 Re7 28.
Qf3 Kg7 29. a4 a5 30. Qd3 h5 31. Rd2 Be5 32. Qe3 h4 33. g4 Rf8 34. gxf5 gxf5 35.
Rg2+ Kh8 36. Qxb6 h3 37. Rgg1 Rg7 38. Qe3 Qh4 39. Rxg7 Bxg7 40. Rf3 Bh6 41. Rxh3 Bxe3 42. Rxh4+ Kg7 43. Kg2 Rb8 44. Kf3 Bg5 45. Rh5 Rb3+ 46. Ke2 Rb2+ 47. Kd3 Kf6 48. Rh7 Rb3+ 49. Kc2 Re3 50. Ra7 f4 51. Rxa5 f3 52. Ra7 Re2+ 53. Kb3 f2 54. Rf7+ Ke5 55. e7 Kd4 56. Rxf2 Rxe7 57.
a5 Kc5 58. a6 Re3+ 59. Ka4 Re1 60. Ra2 Kb6 61. a7 Kxa7 62. Kb5+ Kb8 63. Ra8+ Kc7 64. Ra7+ Kd8 65. Kc6 Bf4 66. Rf7 Bxh2 67. Rh7 Bg3 68.
Rd7+ Ke8 69. Rg7 Re3 70. Rg6 Kf8 71. Kd7 Re7+ 72. Kd8 Re8+ 73. Kd7 Re7+ 74. Kd8 Re8+ 75. Kd7 Re7+ 76. Kc6 Re3 77. Be6 Ke7 78. Bd5 Be5 79. Re6+ Kf8 80. Kd7 Kg7 81. Re8 Bf4 82. Rg8+ Kf6 83. Rf8+ Kg5 84. Be6 Be5 85. Rf5+ Kg6 86. Rf8 Ra3 87. Bd5 Ra7+ 88. Ke6 Kg7 89. Rf2 Bg3 90. Rg2 Ra3 91. Kf5 Kh6 92. Bg8 Re3 93. Bd5 Kg7 94. Kg4 Be5 95. Kf5+ Rg3 96. Ra2 Re3 97.
Ra7+ Kh6 98. Re7 Re2 99. Bf3 Rf2 100. Kg4 Bh2 101. Be4 Rf4+ 102. Kh3 Bg1 103. Kg3 Be3 104. Bd3 Bc1 105. Re6+ Kg7 106. Rxd6 Kf7 107. c5 Ke7 108. Bb5 Rb4 109. Rd7+ Ke6 110. Rb7 Bf4+ 111. Kf3 Be5 112. c6 Bd6 113. Ke3 Kd5 114. Kd3 Kc5 115. c7 Bxc7 116. Rxc7+ Kxb5 117.
Rb7+ Kc5 118. Rxb4 Kxb4 1/2-1/2

[Event "*** Titled Tuesday 3|2 Blitz (Early)"]
[Site "Chess.com"]
[Date "2016.11.01"]
[Round "9"]
[White "Jahonas"]
[Black "Holden-Caulfield"]
[Result "0-1"]
[WhiteElo "2177"]
[BlackElo "2477"]
[TimeControl "180+2"]
[EndTime "12:53:14 PDT"]
[Termination "Holden-Caulfield won by resignation"]

1. d4 d6 2. Nf3 Nf6 3. c4 Nbd7 4. Nc3 c6 5. e4 e5 6. Be2 Be7 7. O-O O-O 8. Be3 Ng4 9. Qc1 Nxe3 10. Qxe3 Qc7 11. dxe5 dxe5 12. Rad1 Nc5 13. b4 Ne6 14. Rc1 Bxb4 15. a3 Bc5 16. Qd2 Rd8 17. Qc2 Bxa3 0-1

[Event "*** Titled Tuesday 3|2 Blitz (Early)"]
[Site "Chess.com"]
[Date "2016.11.01"]
[Round "9"]
[White "Paralinch"]
[Black "maciek_92"]
[Result "1-0"]
[WhiteElo "2666"]
[BlackElo "2558"]
[TimeControl "180+2"]
[EndTime "12:54:12 PDT"]
[Termination "Paralinch won by resignation"]

1. e4 c5 2. Nf3 e6 3. d4 cxd4 4. Nxd4 Nc6 5. Nc3 a6 6. Be2 Qc7 7. O-O Nf6 8. Be3 Bb4 9. Na4 Nxe4 10. Nxc6 bxc6 11. Qd4 Qa5 12. Qxe4 d5 13. Qd4 Qxa4 14. c3 Qc2 15. cxb4 Qxe2 16. Qxg7 Rf8 17. Bc5 1-0

[Event "*** Titled Tuesday 3|2 Blitz (Early)"]
[Site "Chess.com"]
[Date "2016.11.01"]
[Round "9"]
[White "TheSovietChess"]
[Black "Keaton87"]
[Result "1-0"]
[WhiteElo "2509"]
[BlackElo "2449"]
[TimeControl "180+2"]
[EndTime "12:55:26 PDT"]
[Termination "TheSovietChess won by resignation"]

1. d4 Nf6 2. c4 g6 3. Nc3 Bg7 4. e3 O-O 5. Bd3 d6 6. h4 Nbd7 7. h5 c5 8. hxg6 fxg6 9. d5 b5 10.
b3 bxc4 11. bxc4 Rb8 12. Bd2 Ne5 13. Be2 e6 14. f4 Neg4 15. Bxg4 exd5 16. Bxc8 Qxc8 17.
cxd5 Ng4 18. Nh3 Nxe3 19. Qc1 Nxg2+ 20. Kf1 Qg4 21. Nf2 Nxf4 22. Nxg4 Nd3+ 23. Ke2 Nxc1+ 24. Raxc1 c4 25. Ne4 Rbe8 26. Rxc4 h5 27. Ne3 Rf4 28. Nxd6 1-0

[Event "*** Titled Tuesday 3|2 Blitz (Early)"]
[Site "Chess.com"]
[Date "2016.11.01"]
[Round "9"]
[White "uzbektiger95"]
[Black "Grebeniuk-S"]
[Result "1-0"]
[WhiteElo "2610"]
[BlackElo "2422"]
[TimeControl "180+2"]
[EndTime "12:56:26 PDT"]
[Termination "uzbektiger95 won by resignation"]

1. d4 f5 2. Nf3 Nf6 3. g3 g6 4. Bg2 Bg7 5. O-O O-O 6. b3 d6 7. Bb2 c6 8. c4 a5 9. Nc3 Na6 10. Qc2 Qc7 11. a3 Kh8 12. Rfe1 e5 13. e4 fxe4 14.
Nxe4 Bf5 15. Nh4 Bxe4 16. Bxe4 Nxe4 17. Rxe4 exd4 18. Bxd4 Nc5 19. Nxg6+ Kg8 20. Ne7+ Kf7 21. Ree1 Bxd4 22. Qxh7+ Ke8 23. Nd5+ 1-0

[Event "*** Titled Tuesday 3|2 Blitz (Early)"]
[Site "Chess.com"]
[Date "2016.11.01"]
[Round "9"]
[White "Tash_Boy"]
[Black "platy3"]
[Result "0-1"]
[WhiteElo "2476"]
[BlackElo "2687"]
[TimeControl "180+2"]
[EndTime "12:56:38 PDT"]
[Termination "platy3 won by resignation"]

1. e4 c5 2. Nf3 e6 3. d4 cxd4 4. Nxd4 Nf6 5. Nc3 d6 6. g4 e5 7. Bb5+ Bd7 8. Bxd7+ Qxd7 9. Nf5 h5 10. gxh5 Nxh5 11. Bh6 g6 12. Bxf8 gxf5 13. Bxd6 Nc6 14. Bc5 Nd4 15. Qd3 Nf4 16. Qd1 fxe4 17. Nxe4 Qc6 18.
f3 O-O-O 19. c3 Nde6 20. Nd6+ Kb8 21. b4 Nxc5 0-1

[Event "*** Titled Tuesday 3|2 Blitz (Early)"]
[Site "Chess.com"]
[Date "2016.11.01"]
[Round "9"]
[White "micfel"]
[Black "Aygehovit1992"]
[Result "0-1"]
[WhiteElo "2268"]
[BlackElo "2431"]
[TimeControl "180+2"]
[EndTime "12:56:42 PDT"]
[Termination "Aygehovit1992 won by resignation"]

1. e4 c5 2. Nf3 d6 3. d4 cxd4 4.
Nxd4 Nf6 5. Nc3 g6 6. Be2 Bg7 7.
Be3 O-O 8. Nb3 Nc6 9. g4 a5 10. g5 Nd7 11. a3 a4 12. Nd4 Qa5 13. Qd2 Nxd4 14. Bxd4 Bxd4 15. Qxd4 Qxg5 16. h4 Qf6 17. Qd2 Nc5 18. Nd5 Qxb2 19. Nxe7+ Kg7 20. Rd1 Nxe4 21. Qe3 Qc3+ 22. Qxc3+ Nxc3 23. Rxd6 Nxe2 24. Nxc8 Re8 25. Nb6 Ng3+ 26. Kd2 Nxh1 27. Nxa8 Rxa8 28. Ke2 Ra5 29. Rd1 Nxf2 30. Kxf2 Rc5 31. Rd4 Rxc2+ 32. Ke1 b5 33. Rb4 Ra2 34. Rxb5 Rxa3 35. h5 Ra2 36. hxg6 hxg6 37. Kd1 f5 38. Kc1 Kf6 39. Kb1 Rh2 40. Ra5 g5 41. Rxa4 g4 42. Kc1 g3 43. Ra8 g2 0-1

[Event "*** Titled Tuesday 3|2 Blitz (Early)"]
[Site "Chess.com"]
[Date "2016.11.01"]
[Round "9"]
[White "josiwales"]
[Black "Chopper1905"]
[Result "0-1"]
[WhiteElo "2200"]
[BlackElo "2549"]
[TimeControl "180+2"]
[EndTime "12:56:44 PDT"]
[Termination "Chopper1905 won by resignation"]

1. e3 e5 2. d3 d5 3. Ne2 Nf6 4. g3 Nbd7 5. Bg2 Bd6 6. O-O Qe7 7.
c4 dxc4 8. dxc4 e4 9. Nbc3 h5 10. h4 c6 11. Nd4 Nc5 12. b4 Nd3 13. a3 Bg4 14. Qd2 Ne5 15. c5 Bc7 16. Nxe4 Nxe4 17.
Bxe4 g5 18. hxg5 h4 19. Nf5 Bxf5 20. Bxf5 Nf3+ 21. Kg2 Nxd2 22. Bxd2 hxg3 23. fxg3 Qxg5 24. g4 Rh2+ 0-1